 Dungeon Crawl Stone Soup version 0.24.0-13-gcf9b319 (webtiles) character file.

Game seed: 2646086573424815461, levelgen mode: deterministic

12086 Fang the Fighter (level 11, -13/73 HPs)
             Began as a Gargoyle Berserker on Dec 9, 2019.
             Was a High Priest of Trog.
             Mangled by a white ugly thing (30 damage)
             ... on level 11 of the Dungeon on Dec 10, 2019.
             The game lasted 00:17:31 (13011 turns).

Fang the Fighter (Gargoyle Berserker)              Turns: 13011, Time: 00:17:32

Health: -13/73     AC: 27    Str: 24    XL:     11   Next: 87%
Magic:  20/20      EV: 10    Int:  8    God:    Trog [*****.]
Gold:   718        SH:  0    Dex:  9    Spells: 10/10 levels left

rFire    . . .     SeeInvis .   a - +5 war axe
rCold    . . .     Gourm    +   (no shield)
rNeg     + . .     Faith    .   b - +1 plate armour
rPois    ∞         Spirit   .   (no helmet)
rElec    +         Reflect  .   y - scarf {cloud immunity}
rCorr    .         Harm     .   s - +2 pair of gloves
MR       .....                  (no boots)
Stlth    ..........             r - amulet of the gourmand
HPRegen  0.22/turn              f - ring of magical power
MPRegen  0.17/turn              w - ring of flight

@: no status effects
A: negative energy resistance 1, electricity resistance, unbreathing,
petrification resistance, rot immunity, AC +8
a: Berserk, Trog's Hand, Brothers in Arms, Renounce Religion, Evoke Flight


You were on level 11 of the Dungeon.
You worshipped Trog.
Trog was extremely pleased with you.
You were completely stuffed.

You visited 2 branches of the dungeon, and saw 12 of its levels.

You collected 718 gold pieces.

Inventory:

Hand Weapons
 a - a +5 war axe (weapon)
Armour
 b - a +1 plate armour (worn)
 s - a +2 pair of gloves (worn)
 y - a scarf of cloud immunity (worn)
Jewellery
 f - a ring of magical power (left hand)
 r - an amulet of the gourmand (around neck)
 v - the ring "Earthly Heaven" {rPois rC+ Dex+4}
   (You took it off a centaur on level 11 of the Dungeon)

   [ring of poison resistance]

   It affects your dexterity (+4).
   It protects you from cold.
   It protects you from poison.
 w - a ring of flight (right hand)
Wands
 k - a wand of disintegration (9)
 q - a wand of clouds (4)
 x - a wand of random effects (20)
 B - a wand of acid (11)
Scrolls
 d - a scroll of fog
 e - 7 scrolls of teleportation
 g - a scroll of immolation {unknown}
 l - 3 scrolls of remove curse
 m - 3 scrolls of identify
 z - a scroll of enchant armour
Potions
 h - a potion of haste
 j - 2 potions of curing
 n - 2 potions of flight
 o - a potion of invisibility
 p - a potion of berserk rage {unknown}
 t - 2 potions of heal wounds
 u - a potion of mutation
Comestibles
 c - 17 rations
 i - 5 chunks of flesh


   Skills:
 + Level 10.7 Fighting
 + Level 9.0 Axes
 + Level 10.4 Armour
 + Level 8.0 Dodging


You had 10 spell levels left.
You didn't know any spells.
Your spell library was empty.

Dungeon Overview and Level Annotations

Branches:
Dungeon (11/15)            Temple (1/1) D:4            Lair (0/6) D:9
    Orc (0/2) D:10

Altars:
Dithmenos
Elyvilon
Fedhas
Gozag
Kikubaaqudgha
Makhleb
Sif Muna
Vehumet
Yredelemnul
The Shining One

Shops:
D:8 [

Annotations:
D:9 exclusion: statue


Innate Abilities, Weirdness & Mutations

You are resistant to torment.
Your stone body is resilient. (AC +8)
You are immune to poison.
You resist negative energy. (rN+)
You are resistant to electric shocks. (rElec)
You can survive without breathing.
You are immune to petrification.
You are immune to rotting.


Message History

You kill the orc warrior!
Trog accepts your kill.
Things that are here:
a +0 hand axe; a +0 plate armour There isn't anything to butcher here.
You start resting.
You recover from your berserk rage.
You start resting.
A white ugly thing comes into view.
A white ugly thing is nearby!
The white ugly thing gurgles horribly!
You hear a shout!
You see here 13 stones.
Things that are here:
a +0 giant club; a +0 giant spiked club; a two-headed ogre skeleton Some of the chunks of flesh in your inventory have rotted away.
A tengu warrior comes into view. It is wielding a +0 bardiche.
The white ugly thing bites you.
* * * LOW HITPOINT WARNING * * *
The white ugly thing freezes you!!
You die...

......... #...#..#
###..#.#.# #.#.)#.#
.........# ...##(#.# .
.........# #.# ###)### #.
.........##.. #.#.#)#...
.........#.######Q#.##...
..........#..u...#.#....#
###.#..u#.#####.....#...
#..@##...)#.....#...
#...###.#####.#####. #
#.#..............[..
#.#.#.#..##########...
###.#.#.##.###### ###...
........................
##.#.#.#############...
#.#.#.####..[. ......
#............. ......


You could see a white ugly thing.

Vanquished Creatures
  3 two-headed ogres
  Pikel (D:5)
  The ghost of Fang the Skirmisher, a novice GrBe of Trog (D:6)
  Maurice (D:8)
  A merfolk (D:9)
  4 trolls
  Grinder (D:5)
  A vampire (D:9)
  3 wraiths
  A wyvern (D:11)
  A yak (D:11)
  Eustachio (D:6)
  Menkaure (D:6)
  A swamp drake (D:10)
  3 ice beasts (D:6)
  10 orc warriors
  A phantom (D:5)
  2 sky beasts
  4 slaves (D:5)
  A black bear (D:4)
  2 centaurs
  6 ogres
  An eye of draining (D:11)
  2 necrophages
  4 wolves
  3 big kobolds
  5 bullfrogs
  Blork the orc (D:5)
  A wyvern skeleton (D:6)
  2 scorpions
  3 killer bees (D:9)
  2 electric eels (D:9)
  2 wights (D:7)
  3 howler monkeys
  3 jellies
  6 crimson imps
  4 hounds
  6 human zombies (D:7)
  14 orc priests
  A bullfrog skeleton (D:11)
  Jessica (D:3)
  20 orc wizards
  Natasha (thrice) (D:2)
  A human skeleton (D:7)
  5 iguanas
  12 worker ants
  A killer bee zombie (D:9)
  A bullfrog simulacrum (D:6)
  An ogre zombie (D:7)
  A hound zombie (D:7)
  2 hound skeletons
  3 gnolls (D:3)
  A howler monkey skeleton (D:6)
  11 adders
  A hound simulacrum (D:6)
  8 shadow imps
  2 white imps (D:6)
  An ooze (D:7)
  An adder skeleton (D:8)
  An adder zombie (D:5)
  3 worms
  5 dart slugs
  6 leopard geckos
  43 orcs
  6 giant cockroaches
  5 goblins
  11 hobgoblins
  5 jackals
  20 kobolds
  8 quokkas
  A ball python (D:4)
  4 bats
  5 frilled lizards
  A jackal skeleton (D:6)
  An orc zombie (D:7)
  A quokka simulacrum (D:6)
  2 quokka zombies (D:5)
  5 rats
322 creatures vanquished.

Vanquished Creatures (collateral kills)
  A worker ant (D:7)
1 creature vanquished.

Vanquished Creatures (others)
  An orc (D:10)
  A quokka (D:6)
2 creatures vanquished.

Grand Total: 325 creatures vanquished

Notes
Turn   | Place    | Note
-------+----------+-------------------------------------------
     0 | D:1      | Fang the Gargoyle Berserker began the quest for the Orb.
     0 | D:1      | Reached XP level 1. HP: 14/14 MP: 1/1
   163 | D:1      | Reached XP level 2. HP: 18/19 MP: 2/2
   674 | D:1      | Reached XP level 3. HP: 22/23 MP: 3/3
   893 | D:2      | Reached ** piety under Trog
  1264 | D:2      | Reached XP level 4. HP: 9/29 MP: 4/4
  1573 | D:2      | Noticed Natasha
  1579 | D:2      | Killed Natasha
  2042 | D:2      | Noticed Natasha
  2058 | D:2      | Killed Natasha
  2058 | D:2      | Reached XP level 5. HP: 7/33 MP: 5/5
  2626 | D:2      | Noticed Natasha
  2643 | D:2      | Killed Natasha
  3827 | D:3      | Noticed Jessica
  3839 | D:3      | Killed Jessica
  3839 | D:3      | Reached XP level 6. HP: 31/39 MP: 6/6
  4852 | D:4      | Reached *** piety under Trog
  4852 | D:4      | Reached skill level 5 in Fighting
  4863 | D:4      | Found a staircase to the Ecumenical Temple.
  4887 | Temple   | Entered the Ecumenical Temple
  5237 | D:4      | Found an opulent altar of Gozag.
  5264 | D:4      | Found a blossoming altar of Fedhas.
  5293 | D:4      | Found an ancient bone altar of Kikubaaqudgha.
  5324 | D:4      | Found a shadowy altar of Dithmenos.
  5473 | D:4      | Noticed a black bear
  5481 | D:4      | Killed a black bear
  5481 | D:4      | Reached XP level 7. HP: 35/44 MP: 7/7
  5508 | D:5      | Entered Level 5 of the Dungeon
  5570 | D:5      | Noticed Grinder
  5571 | D:5      | Paralysed by Grinder for 4 turns
  5581 | D:5      | Noticed Pikel
  5599 | D:5      | Killed Pikel
  5599 | D:5      | Reached skill level 5 in Axes
  5599 | D:5      | Reached skill level 5 in Armour
  5599 | D:5      | Reached XP level 8. HP: 48/51 MP: 8/8
  5617 | D:5      | Found a burning altar of Makhleb.
  5908 | D:5      | Noticed Blork the orc
  5916 | D:5      | Killed Blork the orc
  6105 | D:5      | Killed Grinder
  6200 | D:6      | Noticed Eustachio
  6215 | D:6      | Killed Eustachio
  6463 | D:6      | Reached XP level 9. HP: 55/56 MP: 9/9
  6499 | D:6      | Noticed Menkaure
  6510 | D:6      | Killed Menkaure
  6635 | D:6      | Found a white marble altar of Elyvilon.
  6649 | D:6      | Reached skill level 5 in Dodging
  6663 | D:6      | Found a runed translucent gate.
  6667 | D:6      | Found a runed translucent gate.
  6668 | D:6      | Found a runed translucent gate.
  6736 | D:6      | Noticed Fang's ghost (novice GrBe)
  7263 | D:6      | Killed Fang's ghost
  7663 | D:7      | Found a shimmering blue altar of Sif Muna.
  7923 | D:7      | Reached **** piety under Trog
  8005 | D:7      | Found a glowing golden altar of the Shining One.
  8227 | D:7      | Reached XP level 10. HP: 47/64 MP: 10/10
  8499 | D:7      | Found a basalt altar of Yredelemnul.
  8907 | D:8      | Found Oriecue's Antique Armour Emporium.
  9065 | D:8      | Noticed Maurice
  9078 | D:8      | Killed Maurice
 10221 | D:9      | Found a staircase to the Lair.
 10739 | D:9      | Reached XP level 11. HP: 30/71 MP: 11/11
 11008 | D:9      | Found a radiant altar of Vehumet.
 11648 | D:10     | Entered Level 10 of the Dungeon
 12055 | D:10     | Reached ***** piety under Trog
 12055 | D:10     | Reached skill level 10 in Fighting
 12082 | D:10     | Received a gift from Trog
 12268 | D:10     | Noticed a two-headed ogre
 12276 | D:10     | Killed a two-headed ogre
 12483 | D:10     | Found a staircase to the Orcish Mines.
 12620 | D:11     | Reached skill level 10 in Armour
 12640 | D:11     | Noticed a two-headed ogre
 12648 | D:11     | Identified the ring "Earthly Heaven" {rPois rC+ Dex+4}
 12651 | D:11     | Killed a two-headed ogre
 12941 | D:11     | Noticed a two-headed ogre
 12953 | D:11     | Killed a two-headed ogre
 12994 | D:11     | Noticed a white ugly thing
 13005 | D:11     | Noticed a tengu warrior
 13011 | D:11     | Mangled by a white ugly thing

Levels and vault maps discovered:
D:1:      grunt_arrival_crossed_arrows, layout_basic
D:2:      minmay_chambers_of_ones, layout_rooms, uniq_natasha
D:3:      minmay_inner_zag, layout_loops_corners, first_ration,
          kennysheep_jessica_study
D:4:      black_bear_nest_2, layout_loops_corners,
          nicolae_overflow_quartered_altars, temple_statues
D:5:      layout_loops_ring, lemuel_coloured_pillars_altar, uniq_blork_the_orc,
          uniq_grinder, uniq_pikel
D:6:      layout_gridville, elyvilon_altar_4, gammafunk_ghost_icy,
          uniq_menkaure, uniq_eustachio
D:7:      layout_loops_corners, tso_oasis_becter,
          nicolae_overflow_crystal_walls, lemuel_mausoleum_altar_yredelemnul
D:8:      layout_gridville, serial_shops, shop, lightli_minifort, uniq_maurice
D:9:      layout_basic, vehumet_statue, erik_lair_island, hangedman_fish_farm,
          minmay_misc_feat_x
D:10:     layout_basic, erik_orc_1
D:11:     minmay_the_grid_square_5x5_4x4
          [minmay_the_grid_square_5x5_sharp_hourglass,
          minmay_the_grid_square_5x5_tetrominoes,
          minmay_the_grid_square_5x5_inner_i,
          minmay_the_grid_square_5x5_minimal,
          minmay_the_grid_square_5x5_shuriken,
          minmay_the_grid_square_5x5_prize_itemx,
          minmay_the_grid_square_5x5_prize_open,
          minmay_the_grid_square_5x5_one_wall,
          minmay_the_grid_square_5x5_checkered_statues,
          minmay_the_grid_square_5x5_prize_rear_guard,
          minmay_the_grid_square_5x5_prize_waves,
          minmay_the_grid_square_5x5_half_checkered,
          minmay_the_grid_square_5x5_bracketed,
          minmay_the_grid_square_5x5_pentomino_r,
          minmay_the_grid_square_5x5_three,
          minmay_the_grid_square_5x5_three_small], layout_rooms, serial_shops,
          shop_statue
Temple:   minmay_temple_bridge_abc

Skill      XL: |  1  2  3  4  5  6  7  8  9 10 11 |
---------------+----------------------------------+-----
Axes           | 3 4 5 6 8 9 |  9.0
Dodging        | 2 3 4 6 7 8 |  8.0
Armour         | 3 4 5 6 7 9 10 | 10.4
Fighting       | 4 5 6 8 9 10 | 10.7

Action                   |  1- 3 |  4- 6 |  7- 9 | 10-12 || total
-------------------------+-------+-------+-------+-------++-------
Melee: Hand axe          |   119 |   168 |       |       ||   287
       War axe           |       |    36 |   303 |   553 ||   892
Invok: Berserk           |       |     5 |     7 |    10 ||    22
       Trog's Hand       |       |       |     4 |     7 ||    11
  Use: Scroll            |       |       |    18 |     5 ||    23
       Potion            |       |       |       |     2 ||     2
 Stab: Sleeping          |     1 |     1 |       |       ||     2
  Eat: Chunk             |     1 |    21 |    24 |    29 ||    75
Armor: Animal skin       |    41 |    53 |       |       ||    94
       Chain mail        |       |    31 |    23 |       ||    54
       Plate armour      |       |       |   211 |   511 ||   722
Dodge: Dodged            |    70 |   142 |   151 |   349 ||   712
